 Dungeon Crawl Stone Soup version 0.17.1-2-g5865329 (webtiles) character file.

390 vereereee the Sneak (level 6, -5/44 HPs)
             Began as a Vampire Assassin on Jan 29, 2016.
             Slain by a river rat (6 damage)
             ... on level 3 of the Dungeon on Feb 1, 2016.
             The game lasted 00:31:52 (3444 turns).

vereereee the Sneak (Vampire Assassin)              Turns: 3444, Time: 00:31:52

Health: -5/44      AC: 10    Str: 10    XL:     6   Next: 50%
Magic:  6/6        EV: 13    Int: 14    God:
Gold:   129        SH:  0    Dex: 17    Spells: 0 memorised, 5 levels left

rFire  + . .     SeeInvis +     a - +2 dagger
rCold  . . .     Clarity  .     j - +2 leather armour {rF+}
rNeg   + . .     SustAt   .     (no shield)
rPois  .         Gourm    .     m - +0 helmet
rElec  .         Spirit   .     r - +2 cloak
rCorr  .         Warding  .     (no gloves)
rMut   .         Stasis   .     y - +0 pair of boots
MR     .....                    (no amulet)
Stlth  ++++......               (no ring)
                                (no ring)

@: not resistant to hostile enchantments, stealthy
A: fangs 3, see invisible, unbreathing
a: Bat Form


You were on level 3 of the Dungeon.
You were not thirsty.

You visited 1 branch of the dungeon, and saw 5 of its levels.

You collected 129 gold pieces.

Inventory:

Hand Weapons
 a - a +2 dagger (weapon)
 b - a +0 blowgun
 i - a +0 club
 k - a +0 hunting sling
Missiles
 e - 3 poisoned needles
 f - a curare-tipped needle
 A - 14 arrows
Armour
 c - a +0 robe
 d - a +0 cloak
 j - a +2 leather armour of fire resistance (worn)
 m - a +0 helmet (worn)
 n - a +0 ring mail
 p - a cursed +0 robe
 r - a +2 cloak (worn)
 w - a +0 chain mail
 y - a +0 pair of boots (worn)
 D - a +0 scale mail
Jewellery
 q - an uncursed ring of sustain attributes {unknown}
 t - a +4 ring of intelligence {unknown}
 v - an uncursed amulet of stasis {unknown}
Wands
 u - a wand of random effects (21)
 z - a wand of frost (23)
Scrolls
 l - a scroll of enchant weapon {unknown}
 o - 2 scrolls of teleportation {unknown}
 s - a scroll of remove curse
 B - a scroll of magic mapping {unknown}
Potions
 g - 11 potions of blood
 h - 2 potions of brilliance


   Skills:
 + Level 2.1 Fighting
 + Level 2.8 Short Blades
 + Level 3.0 Throwing
 + Level 2.1 Armour
 + Level 3.7 Dodging
 + Level 7.6 Stealth


You had 5 spell levels left.
You didn't know any spells.

Dungeon Overview and Level Annotations

Branches:
Dungeon (5/15)
 Temple: D:4-7

Altars:
Fedhas
Kikubaaqudgha
Qazlal
Vehumet
Xom


Innate Abilities, Weirdness & Mutations

You have razor-sharp teeth.
You have supernaturally acute eyesight.
You can survive without breathing.


Message History

The river rat misses you. The river rat barely misses you.
You hit the river rat.
The river rat explodes!
The fiery explosion engulfs you! You resist.
* * * LOW HITPOINT WARNING * * *
The river rat misses you.
Really walk into that cloud of flame? [Y]es or [N]o only, please.
Really walk into that cloud of flame?
Okay, then.
You hit the river rat but do no damage.
The river rat is lightly wounded.
The river rat completely misses you.
You hit the river rat but do no damage.
The river rat is lightly wounded.
You hit the river rat.
You bite the river rat, but do no damage.
The river rat is heavily wounded.
The river rat bites you.
You die...

..# #.####..###.### #..
..#####.# #.........# #.#
.....##.# #.#######.# #.#
#.##..#.# #.#≈≈≈≈≈#.# #.#
#.###.#.# #.#≈≈.≈≈#.# #.#
#.# #.#.###.#≈≈≈≈≈#.# #..
#.###...##..#≈≈§≈≈#.# ..
#.#
#.......##..####§##.####
....###
...............§@r......
...g...
#...).#.####.###########
####### ........# #.# #
....(.#.# #.#
..#####.####.######
..................##
.######..###.#.##..#####
.# ##.###.#.≈≈......##
.#######..##..^≈#..(^^#.#


You could see a river rat (inner flame).

Vanquished Creatures
  An ogre (D:4)
  Blork the orc (D:4)
  A hound (D:3)
  A centaur skeleton (D:3)
  An orc wizard (D:3)
  3 worker ants (D:4)
  2 adders
  A river rat (D:3)
  A shadow imp (D:3)
  4 orcs (D:3)
  8 bats
  A giant cockroach (D:3)
  8 goblins
  3 hobgoblins (D:1)
  5 kobolds
  2 ball pythons (D:3)
  A giant gecko (D:3)
  2 giant newts
  4 jackals (D:2)
  6 rats
  2 butterflies (D:3)
58 creatures vanquished.

Vanquished Creatures (others)
  A fungus (D:3)
1 creature vanquished.

Grand Total: 59 creatures vanquished

Notes
Turn   | Place    | Note
--------------------------------------------------------------
     0 | D:1      | vereereee the Vampire Assassin began the quest for the Orb.
     0 | D:1      | Reached XP level 1. HP: 16/16 MP: 1/1
    54 | D:1      | Reached skill level 6 in Stealth
   165 | D:1      | Reached XP level 2. HP: 22/22 MP: 2/2
  1157 | D:2      | Found a faded altar to an unknown god.
  1279 | D:2      | Reached XP level 3. HP: 18/27 MP: 3/3
  1335 | D:3      | Found a glowing drain.
  1349 | D:3      | Found a blossoming altar of Fedhas.
  1410 | D:3      | Found an ancient bone altar of Kikubaaqudgha.
  1775 | D:4      | Found a radiant altar of Vehumet.
  1824 | D:3      | Found a stormy altar of Qazlal.
  1904 | D:3      | Found a shimmering altar of Xom.
  2087 | D:3      | Reached skill level 1 in Armour
  2087 | D:3      | Reached skill level 7 in Stealth
  2087 | D:3      | Reached XP level 4. HP: 13/33 MP: 4/4
  2743 | D:4      | Noticed Blork the orc
  2760 | D:4      | Reached XP level 5. HP: 38/38 MP: 5/5
  2846 | D:4      | Killed Blork the orc
  2951 | D:4      | Noticed a phantom
  2962 | D:5      | Entered Level 5 of the Dungeon
  2962 | D:5      | Noticed an ice beast
  3189 | D:5      | Noticed a sky beast
  3189 | D:5      | Noticed an ogre
  3213 | D:4      | Noticed an ogre
  3227 | D:4      | Killed an ogre
  3227 | D:4      | Reached XP level 6. HP: 38/44 MP: 6/6
  3441 | D:3      | HP: 1/44 [river rat/exploding inner flame[the player character] (5)]
  3444 | D:3      | Slain by a river rat

Action                   |  1- 3 |  4- 6 || total
-------------------------+-------+-------++-------
Melee: Dagger            |    63 |   174 ||   237
 Fire: Blowgun           |    40 |    21 ||    61
  Use: Scroll            |     2 |     2 ||     4
       Potion            |     3 |     8 ||    11
 Stab: Sleeping          |     4 |       ||     4
